 Dungeon Crawl Stone Soup version 0.19.5 (webtiles) character file.

47 Ponchio the Magician (level 3, 0/19 HPs)
             Began as a Deep Elf Conjurer on Mar 17, 2017.
             Succumbed to Crazy Yiuf's poison
             ... on level 2 of the Dungeon.
             The game lasted 00:05:15 (2365 turns).

Ponchio the Magician (Deep Elf Conjurer)            Turns: 2365, Time: 00:05:16

Health: 0/19       AC:  2    Str:  5    XL:     3   Next: 48%
Magic:  11/11      EV: 13    Int: 20    God:
Gold:   44         SH:  0    Dex: 15    Spells: 2 memorised, 8 levels left

rFire  . . .     SeeInvis .     f - +0 short sword
rCold  . . .     Gourm    .     a - +0 robe
rNeg   . . .     Faith    .     (no shield)
rPois  .         Spirit   .     (no helmet)
rElec  .         Reflect  .     (no cloak)
rCorr  .         Harm     .     (no gloves)
MR     .....                    (no boots)
Stlth  ++........               (no amulet)
                                (no ring)
                                (no ring)

@: lethally poisoned (0 -> -4), drained
A: no striking features
a: no special abilities


You were on level 2 of the Dungeon.
You were hungry.

You visited 1 branch of the dungeon, and saw 2 of its levels.

You collected 44 gold pieces.

Inventory:

Hand Weapons
 f - a +0 short sword (weapon)
Armour
 a - a +0 robe (worn)
Scrolls
 e - a scroll of enchant armour {unknown}
 i - 5 scrolls of identify {unknown}
 j - a scroll of recharging {unknown}
 l - a scroll of remove curse {unknown}
Books
 b - a book of Conjurations

   Spells                             Type                      Level
   a - Magic Dart                     Conjuration                  1
   b - Searing Ray                    Conjuration                  2
   c - Dazzling Spray                 Conjuration/Hexes            3
   d - Fulminant Prism                Conjuration/Hexes            4
   e - Iskenderun's Mystic Blast      Conjuration                  4
   f - Iskenderun's Battlesphere      Conjuration/Charms           5
Comestibles
 c - 3 bread rations
 d - a meat ration
 g - a royal jelly
 k - a beef jerky


   Skills:
 - Level 2.4(2.1) Dodging
 - Level 2.4(2.1) Stealth
 + Level 5.4(5.1) Spellcasting
 - Level 4.3(4.0) Conjurations


You had 8 spell levels left.
You knew the following spells:

 Your Spells              Type           Power        Failure   Level  Hunger
a - Magic Dart            Conj           ###.         2%          1    None
b - Dazzling Spray        Conj/Hex       ##....       17%         3    ##.....


Dungeon Overview and Level Annotations

Branches:
Dungeon (2/15)

Altars:
Dithmenos
Makhleb
Ru

Annotations:
D:2 Crazy Yiuf


Message History

You feel strangely unstable.
It was a scroll of teleportation.
You feel sick.
Unknown command.
You feel sick.
Your surroundings suddenly seem different.
You feel sick.
You feel sick.
You feel sick.
* * * LOW HITPOINT WARNING * * *
You feel sick.
* * * LOW HITPOINT WARNING * * *
You feel sick.
* * * LOW HITPOINT WARNING * * *
You feel sick.
* * * LOW HITPOINT WARNING * * *
You feel sick.
* * * LOW HITPOINT WARNING * * *
You feel sick.
* * * LOW HITPOINT WARNING * * *
You feel sick.
You die...

#...#.# #.(...........###
#.#.#.# #.#....####......
#)#.#.####.#.#.## #..>...
#...#...........# ###....
##..#...........## ##....
##.#..........[.####..##.
#...##..#............##.
#...................(.#.
#......@...#........#...
#...............###..#..
#...............####....
#...................#...
##.........#.......)....
##........#............
#...#.##.#............
##......#.##...........
#...##..#.#............


There were no monsters in sight!

Vanquished Creatures
  2 adders (D:2)
  A dart slug (D:1)
  3 giant cockroaches (D:1)
  4 goblins
  4 hobgoblins
  4 bats
  3 frilled lizards (D:2)
  4 kobolds
  5 rats
30 creatures vanquished.

Notes
Turn   | Place    | Note
-------+----------+-------------------------------------------
     0 | D:1      | Ponchio the Deep Elf Conjurer began the quest for the Orb.
     0 | D:1      | Reached XP level 1. HP: 10/10 MP: 6/6
   380 | D:1      | Reached skill level 4 in Spellcasting
   380 | D:1      | Reached XP level 2. HP: 15/15 MP: 7/9
  1297 | D:2      | Found a burning altar of Makhleb.
  1304 | D:2      | Reached XP level 3. HP: 19/19 MP: 9/11
  1309 | D:2      | Learned a level 3 spell: Dazzling Spray
  1365 | D:2      | Found a runed door.
  1409 | D:2      | Reached skill level 5 in Spellcasting
  1453 | D:2      | Found a shadowy altar of Dithmenos.
  1487 | D:2      | Found a sacrificial altar of Ru.
  1977 | D:2      | Found a burning altar of Makhleb.
  2101 | D:2      | Found a sacrificial altar of Ru.
  2118 | D:2      | Found a shadowy altar of Dithmenos.
  2340 | D:2      | Noticed Crazy Yiuf
  2365 | D:2      | Succumbed to Crazy Yiuf's poison

Skill      XL: |  1  2  3 |
---------------+----------+-----
Spellcasting   | 4 5 |  5.4
Dodging        | |  2.4
Stealth        | |  2.4
Conjurations   | |  4.3

Action                   || total
-------------------------++-------
Melee: Short sword       ||     1
 Cast: Magic Dart        ||    57
  Use: Scroll            ||     1
       Potion            ||     1
 Stab: Sleeping          ||     1
  Eat: Chunk             ||     2
       Beef jerky        ||     1
Dodge: Dodged            ||     3
